 Dungeon Crawl Stone Soup version 0.25.0-9-g26727b657a (webtiles) character file.

Game seed: 5090720177498886458

51 Descartes the Grasshopper (level 3, -2/16 HPs)
             Began as a Felid Warper on June 20, 2020.
             Slain by an adder (3 damage)
             ... on level 2 of the Dungeon.
             The game lasted 00:03:14 (2177 turns).

Descartes the Grasshopper (Felid Warper)            Turns: 2177, Time: 00:03:14

Health: -2/16      AC:  1    Str:  8    XL:     3   Next: 58%
Magic:  7/7        EV: 19    Int: 14    God:
Gold:   31         SH:  0    Dex: 15    Spells: 2/6 levels left
                                        Lives:  0   Deaths: 0

rFire    . . .     SeeInvis +     - Unarmed
rCold    . . .     Gourm    .   (shield unavailable)
rNeg     . . .     Faith    .   (armour unavailable)
rPois    .         Spirit   .   (helmet unavailable)
rElec    .         Reflect  .   (cloak unavailable)
rCorr    .         Harm     .   (gloves unavailable)
MR       .....                  (boots unavailable)
Stlth    +++.......             (no amulet)
HPRegen  0.05/turn              (no ring)
MPRegen  0.10/turn              (no ring)

@: lethally poisoned (-2 -> -10), quick
A: very small, no armour, no weapons or thrown items, stealth, claws 1, fangs 3,
see invisible, carnivore, speed 1, shaggy fur 1, slow metabolism 1, sharp paws
a: no special abilities


You were on level 2 of the Dungeon.
You were completely stuffed.

You visited 1 branch of the dungeon, and saw 2 of its levels.

You collected 31 gold pieces.

Inventory:

Missiles
 f - 103 stones
 j - 26 arrows
Jewellery
 k - a +6 ring of strength {unknown}
Scrolls
 a - a scroll of enchant armour {unknown}
 b - a scroll of blinking
 d - a scroll of amnesia {unknown}
 g - a scroll of random uselessness {unknown}
 h - a scroll of teleportation {unknown}
 i - a scroll of fog {unknown}
Potions
 e - 2 potions of lignification {unknown}
 m - a potion of mutation {unknown}
Comestibles
 c - 7 rations
 l - 6 chunks of flesh


   Skills:
 + Level 2.3 Fighting
 + Level 3.6 Dodging
 * Level 2.6 Stealth
 * Level 2.7 Unarmed Combat
 - Level 2.0 Spellcasting
 + Level 0.9 Charms
 - Level 4.4 Translocations


You had 2 spell levels left.
You knew the following spells:

 Your Spells              Type           Power        Failure   Level  Hunger
a - Blink                 Tloc           N/A          6%          2    ###....
b - Shroud of Golubria    Chrm/Tloc      #.....       12%         2    ###....

Your spell library contained the following spells:

 Spells                   Type           Power        Failure   Level  Hunger
 Gell's Gravitas          Tloc           ##........   12%         3    ####...
 Lesser Beckoning         Tloc           ##........   12%         3    ####...
 Teleport Other           Tloc           ##......     12%         3    ####...
 Passage of Golubria      Tloc           N/A          36%         4    #####..


Dungeon Overview and Level Annotations

Branches:
Dungeon (2/15)

Altars:


Innate Abilities, Weirdness & Mutations

You cannot wear armour.
You are incapable of wielding weapons or throwing items.
Your paws allow you to move quietly. (Stealth)
You have sharp claws.
You have razor-sharp teeth.
You have supernaturally acute eyesight. (SInv)
You are carnivorous and can eat meat at any time.
You cover ground quickly.
You are covered in fur. (AC +1)
You have a slow metabolism.
Your sharp claws are effective at attacking unaware monsters.


Message History

The adder closely misses you.
You scratch the adder.
The adder is almost dead.
The adder closely misses you.
You scratch the adder.
You kill the adder!
You feel sick.
You are no longer poisoned.
You closely miss the adder. Your bite misses the adder.
The adder closely misses you.
You barely miss the adder. The adder bites you.
You are lethally poisoned!
The adder poisons you!
You scratch the adder but do no damage. Your bite misses the adder.
You feel sick. The adder bites you.
* * * LOW HITPOINT WARNING * * *
You closely miss the adder. You bite the adder.
The adder is moderately wounded.
The adder completely misses you. The adder bites you.
You die...

###########.########
#..S..#.....)รท......
##.##.#..########
#.##.##.....
#..#..#.####.#
##.##.##.. #..#..####
##S##.# #@##.##
#.....# #######


You could see an adder.

Vanquished Creatures
  An adder (D:2)
  An ooze (D:1)
  A worm (D:2)
  A dart slug (D:2)
  3 leopard geckos (D:1)
  A ball python (D:1)
  6 hobgoblins (D:1)
  2 bats (D:1)
  4 frilled lizards
  4 goblins
  3 kobolds (D:1)
  4 rats (D:1)
31 creatures vanquished.

Notes
Turn   | Place    | Note
-------+----------+-------------------------------------------
     0 | D:1      | Descartes the Felid Warper began the quest for the Orb.
     0 | D:1      | Reached XP level 1. HP: 9/9 MP: 4/4
   367 | D:1      | Reached skill level 1 in Stealth
   657 | D:1      | Reached XP level 2. HP: 13/13 MP: 6/6
   680 | D:1      | Learned a level 2 spell: Blink
   683 | D:1      | Learned a level 2 spell: Shroud of Golubria
  1547 | D:1      | Reached XP level 3. HP: 16/16 MP: 7/7
  2177 | D:2      | Slain by an adder

Illustrated notes

Levels and vault maps discovered:
D:1:      nzn_arrival_depleted_hourglass, layout_basic
D:2:      minmay_angry_zag, layout_basic, marbit_many_paths,
          uniq_crazy_yiuf_cottage

Skill      XL: |  1  2 |
---------------+-------+-----
Stealth        | 1 2 |  2.6
Fighting       | |  2.3
Dodging        | |  3.6
Unarmed Combat | |  2.7
Spellcasting   | |  2.0
Charms         | |  0.9
Translocations | |  4.4

Action                   || total
-------------------------++-------
Melee: Unarmed           ||   120
       Bite              ||    12
       Punch             ||     1
 Cast: Shroud of Golubri ||     1
 Stab: Sleeping          ||     6
  Eat: Chunk             ||    10
Armor: Skin              ||     2
Dodge: Dodged            ||    75
